 Dungeon Crawl Stone Soup version 0.26.0-45-g9c1d065592 (webtiles) character file.

Game seed: 16078791949465601179

179763 txstrosman the Devastator (level 17, -22/104 HPs)
             Began as a Demonspawn Necromancer on Jan 21, 2021.
             Was a High Priest of Vehumet.
             Killed from afar by a spriggan druid (26 damage)
             ... with a stone arrow
             ... on level 3 of the Swamp on Jan 27, 2021.
             The game lasted 12:23:59 (49339 turns).

txstrosman the Devastator (Demonspawn Necromancer) Turns: 49339, Time: 12:24:05

Health: -22/104    AC: 17    Str:  8    XL:     17   Next: 30%
Magic:  23/40      EV: 17    Int: 24    God:    Vehumet [*****.]
Gold:   1045       SH: 11    Dex: 26    Spells: 6/48 levels left

rFire    . . .     SeeInvis +   u - staff of conjuration
rCold    + . .     Faith    .   G - +3 warlock's mirror {reflect}
rNeg     . . .     Spirit   .   I - +2 robe {Will+}
rPois    +         Reflect  +   (helmet unavailable)
rElec    .         Harm     .   k - +2 cloak
rCorr    .         Rampage  .   B - +2 pair of gloves "Zeussiar" {rPois Dex+8}
Will     ++...                  d - +2 pair of boots
Stlth    +++.......             v - amulet "Rawnipn" {RegenMP Dex+4 SInv}
HPRegen  0.27/turn              j - ring of wizardry
MPRegen  0.52/turn              o - +4 ring of protection

@: studying Fighting
A: claws 2, horns 3, talons 2, cold resistance 1, demonic guardian 1, high mp 1,
sense surroundings 1, spiny 2
}: 1/15 runes: serpentine
a: Renounce Religion


You were on level 3 of the Swamp.
You worshipped Vehumet.
Vehumet was extremely pleased with you.
You visited 5 branches of the dungeon, and saw 25 of its levels.

You collected 2805 gold pieces.
You spent 1760 gold pieces at shops.

Inventory:

Armour
 d - a +2 pair of boots (worn)
 k - a +2 cloak (worn)
 B - the +2 pair of gloves "Zeussiar" (worn) {rPois Dex+8}
   (You found it on level 9 of the Dungeon)

   It affects your dexterity (+8).
   It protects you from poison.
 G - the +3 warlock's mirror (worn) {reflect}
   (You found it on level 2 of the Snake Pit)
 I - a +2 robe of willpower (worn)
Magical Staves
 p - an uncursed staff of poison
 u - an uncursed staff of conjuration (weapon)
Jewellery
 a - an uncursed ring of flight
 j - a ring of wizardry (left hand)
 o - a +4 ring of protection (right hand)
 q - an uncursed amulet of guardian spirit {unknown}
 v - the amulet "Rawnipn" (around neck) {RegenMP Dex+4 SInv}
   (You found it on level 9 of the Dungeon)

   [amulet of magic regeneration]

   It increases your magic regeneration.
   It affects your dexterity (+4).
   It lets you see invisible.
 K - an uncursed ring of willpower {unknown}
Wands
 m - a wand of acid (19)
 t - a wand of polymorph (13)
 x - a wand of flame (53)
 H - a wand of digging (8)
 J - a wand of disintegration (35)
 O - a wand of paralysis (6)
 P - a wand of iceblast (5)
Scrolls
 c - a scroll of fog
 e - 3 scrolls of enchant weapon
 g - 18 scrolls of remove curse
 y - a scroll of magic mapping
 F - a scroll of holy word
 M - a scroll of amnesia
 Q - a scroll of identify
Potions
 b - 2 potions of berserk rage
 f - 2 potions of mutation
 h - 5 potions of flight
 i - a potion of resistance
 n - a potion of cancellation
 r - 12 potions of curing
 s - a potion of might
 w - 7 potions of ambrosia
 z - a potion of magic {unknown}
 A - a potion of invisibility
 C - 2 potions of lignification
 D - a potion of heal wounds
 E - 4 potions of haste
Books
 L - a manual of Fighting


   Skills:
 + Level 1.1 Fighting
 + Level 6.0 Staves
 - Level 5.1 Dodging
 - Level 1.7 Stealth
 * Level 8.0 Shields
 * Level 16.0 Spellcasting
 - Level 16.1 Conjurations
 * Level 9.3 Necromancy
 - Level 1.7 Translocations
 * Level 6.0 Fire Magic
 - Level 4.4 Air Magic
 * Level 10.7 Earth Magic
 - Level 4.8 Poison Magic
 - Level 1.3 Evocations


You had 6 spell levels left.
You knew the following spells:

 Your Spells              Type           Power        Failure   Level
a - Conjure Ball Lightni  Conj/Air       40%          1%          6
b - Iron Shot             Conj/Erth      45%          1%          6
c - Fireball              Conj/Fire      41%          1%          5
d - Animate Dead          Necr           29%          1%          4
e - Magic Dart            Conj           100%         0%          1
f - Mephitic Cloud        Conj/Pois/Air  74%          1%          3
g - Iskenderun's Mystic   Conj/Tloc      75%          1%          4
h - Blink                 Tloc           N/A          1%          2
j - Sticky Flame          Conj/Fire      83%          1%          4
k - Orb of Destruction    Conj           49%          1%          7

Your spell library contained the following spells:

 Spells                   Type           Power        Failure   Level
 Bolt of Magma            Conj/Fire/Erth 41%          1%          5
 Searing Ray              Conj           100%         0%          2
 Animate Skeleton         Necr           100%         1%          1
 Beastly Appendage        Tmut           38%          1%          1
 Corona                   Hex            21%          1%          1
 Foxfire                  Conj/Fire      100%         1%          1
 Pain                     Necr           100%         1%          1
 Sting                    Tmut/Pois      100%         1%          1
 Call Imp                 Summ           19%          1%          2
 Ensorcelled Hibernation  Hex/Ice        38%          1%          2
 Poisonous Vapours        Pois/Air       82%          1%          2
 Slow                     Hex            19%          1%          2
 Wereblood                Tmut           19%          1%          2
 Conjure Flame            Conj/Fire      83%          1%          3
 Dazzling Flash           Conj/Hex       100%         1%          3
 Ignite Poison            Fire/Tmut/Pois 36%          1%          3
 Spider Form              Tmut/Pois      15%          1%          3
 Stone Arrow              Conj/Erth      100%         1%          3
 Vampiric Draining        Necr           29%          1%          3
 Dispel Undead            Necr           59%          1%          4
 Fulminant Prism          Conj/Hex       36%          1%          4
 Olgreb's Toxic Radiance  Pois           42%          1%          4
 Agony                    Necr           59%          1%          5
 Excruciating Wounds      Necr           29%          1%          5
 Starburst                Conj/Fire      41%          1%          6
 Confusing Touch          Hex            19%          3%          3
 Tukima's Dance           Hex            19%          3%          3
 Death Channel            Necr           29%          4%          6
 Ice Form                 Ice/Tmut       19%          12%         4
 Silence                  Hex/Air        14%          13%         5
 Blade Hands              Tmut           9%           30%         5
 Summon Mana Viper        Hex/Summ       19%          30%         5
 Ignition                 Fire           24%          77%         8


Dungeon Overview and Level Annotations

Branches:
Dungeon (10/15)            Temple (0/1) D:4            Lair (6/6) D:9
  Swamp (3/4) Lair:2        Snake (4/4) Lair:3        Slime (0/5) Lair:6
    Orc (2/2) D:10            Elf (0/3) Orc:2

Altars:
Ashenzari
Elyvilon
Fedhas
Gozag
Kikubaaqudgha
Okawaru
Qazlal
Sif Muna
Trog
Vehumet
Wu Jian
Yredelemnul
The Shining One
Beogh
Jiyva

Shops:
D:4 *   D:7 *((   D:10 (   Orc:1 (   Orc:2 ?}([   Snake:1 ([   Snake:4 **

Annotations:
D:7 2 transporters, Ofeo's ghost, novice FoHu
Lair:3 1 exclusion
Swamp:3 1 runed translucent door
Snake:3 2 transporters, Dadghomedgh's ghost, adept GnWz
Orc:1 3 runed translucent doors, Maxkomish's ghost, journeyman MiMo


Innate Abilities, Weirdness & Mutations

You have very sharp fingernails.
You have a pair of large horns on your head.
You have razor-sharp toenails.
Your flesh is cold resistant. (rC+)
A weak demonic guardian rushes to your aid.
You are mostly covered in sharp spines.
You have an increased reservoir of magic. (+10% MP)
You passively map a small area around you.


Message History

You block the seven-headed hydra's attack.
The seven-headed hydra barely misses you.
The seven-headed hydra bites you but does no damage. x2
You block the seven-headed hydra's attack.
The seven-headed hydra bites you!
The six-headed hydra bites you but does no damage. x2
The six-headed hydra bites you! x2
* * * LOW HITPOINT WARNING * * *
The six-headed hydra bites you.
* * * LOW HITPOINT WARNING * * *
The six-headed hydra bites you.
* * * LOW HITPOINT WARNING * * *
Casting: Iron Shot (mildly dangerous; 1% risk of failure)
Confirm with . or Enter, or press ? or * to list all spells.
You blink.
A tree reaches out and hits you!
* * * LOW HITPOINT WARNING * * *
You block the swamp worm's attack.
The spriggan druid casts a spell at you.
The stone arrow hits you!!
You die...

♣♣♣≈≈♣
,...≈≈≈≈≈≈≈♣♣ ** ≈
...≈.♣*
≈≈.≈≈≈≈§..≈♣ , *
....≈♣
≈≈≈≈≈§≈≈≈(.♣*
...♣♣♣
*♣≈≈≈≈.§D..♣* *
≈≈.♣* ♣...≈..D.♣♣ ≈
≈≈≈≈♣ ♣♣♣♣≈≈iw.≈♣
≈§.♣♣ ♣≈≈≈)♣♣♣ , ,
#≈ ≈.♣♣ *
♣*♣..≈.w♣♣♣♣♣ * ,$#
, ≈≈. **
♣≈♣♣≈♣@.≈♣..♣ * +##
≈ ≈ ♣≈≈§♣♣.≈....♣
*...♣ ≈
♣.≈.♣♣♣♣♣§.♣♣♣...♣
♣...♣ ♣.≈..$≈≈.♣ *
♣♣..≈* ♣≈≈≈§≈≈≈≈♣*
≈*
♣♣.....≈≈≈≈≈≈≈≈...≈
≈....≈§≈.≈≈≈...≈§≈
≈ ≈
.....D≈≈≈..≈......
*
≈≈≈..≈≈≈[≈..≈≈.♣♣.


You could see a seven-headed hydra (strong), a six-headed hydra (strong), a
tyrant leech, a spriggan druid and a swamp worm.

Vanquished Creatures
  Vashnia (Snake:4)
  Jorgrun (Swamp:2)
  Agnes (Snake:3)
  8 nagarajas
  Donald (Swamp:2)
  Aizul (Swamp:2)
  3 bunyips
  3 eleionomae
  Josephine (Lair:5)
  14 naga warriors
  A boulder beetle (Lair:3)
  11 hydras
  Erolcha (Orc:2)
  13 anacondas
  2 catoblepae (Lair:6)
  2 two-headed ogres
  3 alligators (Swamp:2)
  14 naga sharpshooters
  6 shock serpents
  Nergalle (Orc:2)
  Sonja (Orc:2)
  Urug (D:10)
  3 salamander mystics
  A goliath frog (Swamp:2)
  A spriggan druid (Swamp:2)
  10 naga ritualists
  7 swamp dragons (Swamp:2)
  3 bog bodies
  9 orc sorcerers (Orc:2)
  10 salamanders
  An oklob plant (Lair:3)
  14 mana vipers
  A will-o-the-wisp (Swamp:3)
  A manticore (D:10)
  5 elephants (Lair:5)
  15 naga magi
  42 black mambas
  5 guardian serpents
  A torpor snail (Lair:5)
  A gargoyle (D:10)
  6 cane toads
  2 rime drakes (Lair:5)
  5 komodo dragons
  A queen bee (Lair:1)
  A troll (D:10)
  10 hornets
  A slime creature (Lair:6)
  5 tyrant leeches
  A wind drake (Snake:4)
  3 polar bears
  A bloated husk (Swamp:1)
  10 blink frogs
  9 dream sheep
  19 spriggans
  6 wyverns
  3 basilisks
  32 yaks
  Grum (Lair:1)
  A wraith (Lair:5)
  7 vampire mosquitoes
  11 swamp worms
  3 wargs
  67 nagas
  10 water moccasins
  6 black bears
  12 orc warriors
  4 ice beasts
  A necrophage (D:6)
  8 ogres
  5 boggarts (Lair:6)
  30 wolves
  3 centaurs
  9 bullfrogs
  A wyvern skeleton (D:6)
  22 killer bees (Lair:1)
  5 scorpions
  4 wights (D:9)
  7 howler monkeys
  2 bullfrog zombies (D:9)
  4 hounds
  3 bullfrog skeletons
  12 orc priests
  4 jellies
  A gnoll shaman (D:7)
  Natasha (twice) (D:2)
  3 iguanas
  26 orc wizards
  5 worker ants
  A killer bee zombie (D:5)
  2 hound zombies
  4 hound skeletons
  2 worker ant zombies
  10 gnolls
  12 adders
  2 shadow imps
  A white imp (D:5)
  2 ufetubi
  2 oozes
  2 adder zombies
  3 worms
  A dart slug (D:1)
  6 leopard geckos
  66 orcs
  9 bats
  7 giant cockroaches
  9 goblins
  5 hobgoblins
  11 jackals
  A quokka (D:2)
  5 frilled lizards
  7 kobolds
  7 rats
791 creatures vanquished.

Vanquished Creatures (collateral kills)
  An eleionoma (Swamp:2)
  A naga warrior (Snake:1)
  A hydra (Lair:6)
  An alligator (Swamp:3)
  A salamander mystic (Snake:1)
  A spriggan druid (Swamp:3)
  2 naga ritualists
  2 mana vipers
  An elephant (Lair:5)
  3 black mambas
  A naga mage (Snake:4)
  A komodo dragon (Lair:4)
  A rime drake (Lair:3)
  A tyrant leech (Swamp:3)
  A basilisk (Lair:4)
  7 yaks
  2 wraiths (Lair:5)
  6 nagas
  2 water moccasins (Lair:4)
  2 sky beasts
  An ice beast (D:9)
  A black bear (D:9)
  8 wolves
  2 centaurs (D:6)
  4 bullfrogs
  A killer bee (Lair:1)
  A bullfrog zombie (D:6)
  A jelly (D:6)
  2 orc priests
  Natasha (D:2)
  A centaur skeleton (D:6)
  A worker ant (D:8)
  2 hound skeletons (D:6)
  2 gnolls (D:6)
  2 adders
  3 orcs
  A giant cockroach (D:2)
  A hobgoblin (D:2)
  2 jackals
  A quokka (D:5)
  A jackal skeleton (D:8)
  A rat (D:2)
78 creatures vanquished.

Vanquished Creatures (others)
  A bloated husk (Swamp:2)
  An orc wizard (Orc:2)
  A leopard gecko (D:2)
  A quokka (D:2)
  A rat (D:2)
  19 ball lightnings
  18 foxfires
  49 fungi
  53 plants
144 creatures vanquished.

Grand Total: 1013 creatures vanquished

Notes
Turn   | Place    | Note
-------+----------+-------------------------------------------
     0 | D:1      | txstrosman the Demonspawn Necromancer began the quest for
                  | the Orb.
     0 | D:1      | Reached XP level 1. HP: 13/13 MP: 3/3
   640 | D:1      | Gained mutation: A weak demonic guardian rushes to your
                  | aid. [demonic ancestry]
   640 | D:1      | Reached XP level 2. HP: 18/19 MP: 3/5
  1074 | D:2      | Reached skill level 5 in Necromancy
  1271 | D:2      | Noticed Natasha
  1279 | D:2      | Gained mutation: You have sharp toenails. [demonic
                  | ancestry]
  1279 | D:2      | Reached XP level 3. HP: 19/24 MP: 2/6
  1281 | D:2      | Found a radiant altar of Vehumet.
  1373 | D:1      | Learned a level 3 spell: Vampiric Draining
  1738 | D:2      | Learned a level 1 spell: Animate Skeleton
  2233 | D:2      | Reached XP level 4. HP: 15/30 MP: 3/8
  2490 | D:2      | Killed Natasha
  3096 | D:2      | Noticed Natasha
  3099 | D:2      | Killed Natasha
  3334 | D:2      | Found an ornate altar of the Wu Jian Council.
  3353 | D:2      | Noticed Natasha
  3359 | D:2      | Killed Natasha
  3360 | D:2      | Gained mutation: You have razor-sharp toenails. [demonic
                  | ancestry]
  3360 | D:2      | Reached XP level 5. HP: 27/35 MP: 5/10
  3778 | D:2      | Became a worshipper of Vehumet
  3919 | D:3      | Found a bloodstained altar of Trog.
  4577 | D:3      | Found a stormy altar of Qazlal.
  4581 | D:3      | Noticed an air elemental
  4586 | D:3      | Noticed a water elemental
  4586 | D:3      | Noticed a fire elemental
  4818 | D:3      | Learned a level 4 spell: Animate Dead
  5317 | D:3      | Reached * piety under Vehumet
  5317 | D:3      | Offered knowledge of Magic Dart by Vehumet.
  5318 | D:3      | Reached XP level 6. HP: 38/41 MP: 7/12
  5474 | D:3      | Noticed an ice beast
  5489 | D:3      | Killed an ice beast
  5492 | D:3      | Learned a level 1 spell: Magic Dart
  5619 | D:4      | Found a staircase to the Ecumenical Temple.
  5714 | D:4      | Found an opulent altar of Gozag.
  5714 | D:4      | Found Gozag's Platinum Reserve.
  5951 | D:4      | Reached skill level 5 in Spellcasting
  6160 | D:4      | Found a blossoming altar of Fedhas.
  6531 | D:4      | Upgraded the game from 0.26.0-16-gc1dbca0489 to
                  | 0.26.0-18-gc5c842f807
  6824 | D:4      | Gained mutation: You have sharp fingernails. [demonic
                  | ancestry]
  6824 | D:4      | Reached XP level 7. HP: 46/46 MP: 8/14
  7303 | D:4      | Learned a level 3 spell: Mephitic Cloud
  7316 | D:5      | Entered Level 5 of the Dungeon
  7326 | D:5      | Reached skill level 1 in Conjurations
  7791 | D:5      | Reached skill level 1 in Poison Magic
  7908 | D:5      | Reached skill level 1 in Air Magic
  8514 | D:5      | Found a white marble altar of Elyvilon.
  9224 | D:6      | Gained mutation: You have a pair of small horns on your
                  | head. [demonic ancestry]
  9224 | D:6      | Reached XP level 8. HP: 43/52 MP: 6/16
  9499 | D:6      | Offered knowledge of Foxfire by Vehumet.
  9632 | D:6      | Reached ** piety under Vehumet
  9712 | D:6      | Learned a level 1 spell: Foxfire
  9715 | D:6      | Learned a level 2 spell: Blink
  9781 | D:6      | Found an iron altar of Okawaru.
  9884 | D:6      | Reached skill level 1 in Evocations
 10335 | D:6      | Reached skill level 1 in Staves
 11336 | D:6      | Noticed a red ugly thing
 11730 | D:7      | Found Fufeumot's Assorted Antiques.
 11773 | D:7      | Found a transporter.
 11816 | D:7      | Found a transporter.
 11817 | D:7      | Noticed a hellwing
 11821 | D:7      | Noticed Ofeo's ghost (novice FoHu)
 11823 | D:7      | Noticed a rust devil
 11861 | D:7      | Found Wuhe's Weapon Shop.
 11882 | D:7      | Offered knowledge of Stone Arrow by Vehumet.
 11887 | D:7      | Learned a level 3 spell: Stone Arrow
 11888 | D:7      | Found Wape's Antique Weapon Shoppe.
 11954 | D:7      | Gained mutation: You have a pair of horns on your head.
                  | [demonic ancestry]
 11954 | D:7      | Reached XP level 9. HP: 45/57 MP: 12/20
 12441 | D:7      | Reached *** piety under Vehumet
 13034 | D:7      | Reached skill level 1 in Earth Magic
 13177 | D:7      | Reached skill level 5 in Conjurations
 13486 | D:8      | Offered knowledge of Sticky Flame by Vehumet.
 13591 | D:7      | Learned a level 4 spell: Sticky Flame
 14022 | D:8      | Found a radiant altar of Vehumet.
 14055 | D:8      | Reached skill level 1 in Fire Magic
 14309 | D:8      | Found a shimmering blue altar of Sif Muna.
 15142 | D:9      | Got a scorched zirconium amulet
 15318 | D:9      | Identified the amulet "Rawnipn" {RegenMP Dex+4 SInv} (You
                  | found it on level 9 of the Dungeon)
 15332 | D:9      | Found a staircase to the Lair.
 15593 | D:9      | Gained mutation: You have a pair of large horns on your
                  | head. [demonic ancestry]
 15593 | D:9      | Reached XP level 10. HP: 48/63 MP: 14/22
 15766 | D:9      | Reached **** piety under Vehumet
 15846 | D:9      | Offered knowledge of Olgreb's Toxic Radiance by Vehumet.
 15861 | D:9      | Noticed a two-headed ogre
 16030 | D:9      | Killed a two-headed ogre
 16274 | D:9      | Reached skill level 1 in Translocations
 16404 | D:9      | Found a basalt altar of Yredelemnul.
 16489 | D:9      | Got a pair of encrusted gloves
 16696 | D:9      | Identified the +2 pair of gloves "Zeussiar" {rPois Dex+8}
                  | (You found it on level 9 of the Dungeon)
 16707 | Lair:1   | Entered Level 1 of the Lair of Beasts
 17022 | Lair:1   | Noticed a five-headed hydra
 17040 | Lair:1   | Killed a five-headed hydra
 17267 | Lair:1   | Noticed a black mamba
 17271 | Lair:1   | Killed a black mamba
 17338 | Lair:1   | Noticed a cane toad
 17348 | Lair:1   | Killed a cane toad
 17611 | Lair:1   | Gained mutation: You are partially covered in sharp spines.
                  | [demonic ancestry]
 17611 | Lair:1   | Reached XP level 11. HP: 68/68 MP: 16/24
 17684 | Lair:1   | Noticed a four-headed hydra
 17699 | Lair:1   | Killed a four-headed hydra
 17890 | Lair:1   | Reached ***** piety under Vehumet
 18045 | Lair:1   | Upgraded the game from 0.26.0-18-gc5c842f807 to
                  | 0.26.0-20-g3ca415f5b8
 18234 | Lair:1   | Offered knowledge of Iron Shot by Vehumet.
 18835 | Lair:1   | Noticed Grum
 18887 | Lair:1   | Killed Grum
 20230 | Lair:2   | Noticed a seven-headed hydra
 20232 | Lair:2   | Reached skill level 10 in Spellcasting
 20252 | Lair:2   | Killed a seven-headed hydra
 20350 | Lair:2   | Noticed a six-headed hydra
 20365 | Lair:2   | Killed a six-headed hydra
 20452 | Lair:2   | Found a staircase to the Swamp.
 20643 | Lair:3   | Reached skill level 5 in Dodging
 20645 | Lair:3   | Noticed a catoblepas
 20741 | Lair:3   | Found a staircase to the Snake Pit.
 20742 | Lair:3   | Noticed an oklob plant
 21260 | Lair:3   | Reached XP level 12. HP: 74/74 MP: 19/26
 21280 | Lair:3   | Noticed a boulder beetle
 21624 | Lair:3   | Learned a level 6 spell: Iron Shot
 21687 | Lair:3   | Killed a boulder beetle
 21882 | Lair:4   | Noticed an eight-headed hydra
 22280 | Lair:4   | Noticed a six-headed hydra
 22318 | Lair:4   | Killed a six-headed hydra
 22319 | Lair:4   | Reached skill level 1 in Shields
 22486 | Lair:4   | Killed an eight-headed hydra
 22535 | Lair:4   | Learned a level 4 spell: Iskenderun's Mystic Blast
 23413 | Lair:5   | Reached skill level 5 in Staves
 23433 | Lair:5   | Noticed Josephine
 23443 | Lair:5   | Killed Josephine
 23444 | Lair:5   | Reached skill level 10 in Conjurations
 23880 | Lair:5   | Reached skill level 5 in Earth Magic
 24680 | Lair:5   | Gained mutation: You are mostly covered in sharp spines.
                  | [demonic ancestry]
 24680 | Lair:5   | Reached XP level 13. HP: 79/79 MP: 17/29
 25549 | D:10     | Entered Level 10 of the Dungeon
 25592 | D:10     | Noticed Urug
 25595 | D:10     | Killed Urug
 25801 | D:10     | Found a broken altar of Ashenzari.
 26047 | D:10     | Found Voshreac's Weapon Shop.
 26123 | D:10     | Found a bloodstained altar of Trog.
 26140 | D:10     | Found a staircase to the Orcish Mines.
 26209 | D:10     | Found a glowing golden altar of the Shining One.
 26239 | Orc:1    | Entered Level 1 of the Orcish Mines
 26284 | Orc:1    | Offered knowledge of Hailstorm by Vehumet.
 26498 | Orc:2    | Entered Level 2 of the Orcish Mines
 26498 | Orc:2    | Noticed Sonja
 26742 | Orc:1    | Found Gash's Antique Weapon Boutique.
 26943 | Orc:1    | Found a runed translucent gate.
 26947 | Orc:1    | Found a runed translucent gate.
 26948 | Orc:1    | Found a runed translucent gate.
 26948 | Orc:1    | Noticed a merfolk impaler
 26949 | Orc:1    | Noticed Maxkomish's ghost (journeyman MiMo)
 26955 | Orc:1    | Noticed a minotaur
 27010 | Orc:1    | Found an iron altar of Okawaru.
 27849 | Orc:2    | Found a staircase to the Elven Halls.
 27994 | Orc:2    | Killed Sonja
 28394 | Orc:2    | Paralysed by an orc sorcerer for 7 turns
 28791 | Orc:2    | Found Zuahous's Magic Scroll Boutique.
 28802 | Orc:2    | Bought a scroll of acquirement for 624 gold pieces
 28802 | Orc:2    | Bought a scroll of teleportation for 36 gold pieces
 28802 | Orc:2    | Bought a scroll of blinking for 90 gold pieces
 28811 | Orc:2    | Acquired the Compendium of Ensnaring Darkness
 28846 | Orc:2    | Noticed Nergalle
 28861 | Orc:2    | Killed Nergalle
 28952 | Orc:2    | Found an ancient bone altar of Kikubaaqudgha.
 29054 | Orc:2    | Found Ugim's Gadget Boutique.
 29130 | Orc:2    | Noticed Erolcha
 29148 | Orc:2    | Killed Erolcha
 29267 | Orc:2    | Found a radiant altar of Vehumet.
 29292 | Orc:2    | Found a roughly hewn altar of Beogh.
 29292 | Orc:2    | Found Ruenidann's Antique Weapon Boutique.
 29398 | Orc:2    | Found Zurerat's Antique Armour Shop.
 29410 | Orc:2    | Bought a fabulously ornate robe for 165 gold pieces
 29909 | Orc:2    | Identified the cursed +1 robe of Vufusydo {Dex+4 Slay+5}
                  | (You bought it in a shop on level 2 of the Orcish Mines)
 30257 | Lair:6   | Entered Level 6 of the Lair of Beasts
 30640 | Lair:5   | Offered knowledge of Orb of Destruction by Vehumet.
 30649 | Lair:5   | Learned a level 7 spell: Orb of Destruction
 31269 | Lair:6   | Found a runed translucent door.
 31269 | Lair:6   | Found a viscous altar of Jiyva.
 31269 | Lair:6   | Found a staircase to the Slime Pits.
 31782 | Lair:6   | Reached XP level 14. HP: 85/85 MP: 20/31
 32576 | Lair:6   | Gained mutation: You passively map a small area around you.
                  | [potion of mutation]
 32576 | Lair:6   | Gained mutation: You have an increased reservoir of magic.
                  | (+10% MP) [potion of mutation]
 32998 | Snake:1  | Entered Level 1 of the Snake Pit
 33516 | Snake:1  | Offered knowledge of Ozocubu's Refrigeration by Vehumet.
 33787 | Snake:1  | Found a flickering gateway to a bazaar.
 34470 | Snake:1  | Noticed a nagaraja
 34481 | Snake:1  | Noticed a nagaraja
 34481 | Snake:1  | Noticed a nagaraja
 34487 | Snake:1  | Noticed a nagaraja
 34655 | Snake:1  | Found Gymoalim's Weapon Boutique.
 34733 | Snake:1  | Found Cedd's Armour Shop.
 35402 | Snake:1  | Found a shimmering blue altar of Sif Muna.
 35405 | Snake:1  | Found a transporter.
 35412 | Snake:1  | Identified the +0 robe of Yesterday {Harm *Corrode Int+3
                  | SInv}
 35502 | Snake:1  | Noticed a nagaraja
 35697 | Snake:1  | Noticed a nagaraja
 35760 | Snake:1  | Reached skill level 5 in Shields
 35762 | Snake:1  | Noticed a nagaraja
 35996 | Snake:1  | Killed a nagaraja
 36017 | Snake:1  | Found a transporter.
 36215 | Snake:1  | Killed a nagaraja
 36529 | Snake:1  | Upgraded the game from 0.26.0-20-g3ca415f5b8 to
                  | 0.26.0-41-g79a4fc7684
 37306 | Snake:1  | Reached skill level 15 in Spellcasting
 37480 | Snake:2  | Reached XP level 15. HP: 88/90 MP: 26/37
 37716 | Snake:2  | Noticed a nagaraja
 37725 | Snake:2  | Killed a nagaraja
 39319 | Snake:2  | Found the +3 warlock's mirror {reflect}
 39477 | Snake:2  | Offered knowledge of Conjure Ball Lightning by Vehumet.
 39855 | Snake:2  | Learned a level 6 spell: Conjure Ball Lightning
 40496 | Snake:3  | Noticed a nagaraja
 41143 | Snake:3  | Found a transporter.
 41146 | Snake:3  | Found a transporter.
 41166 | Snake:3  | Noticed Dadghomedgh's ghost (adept GnWz)
 41421 | Snake:4  | Entered Level 4 of the Snake Pit
 42191 | Snake:3  | Noticed a nagaraja
 42199 | Snake:3  | Killed a nagaraja
 42571 | Snake:3  | Gained mutation: You have very sharp fingernails. [demonic
                  | ancestry]
 42571 | Snake:3  | Reached XP level 16. HP: 95/97 MP: 19/38
 43459 | Snake:4  | Found Judinutt's Assorted Antiques.
 43465 | Snake:4  | Found Heliekan's Mayhem Merchandise.
 43622 | Snake:4  | Bought a book of Fire for 845 gold pieces
 43632 | Snake:4  | Learned a level 5 spell: Fireball
 43659 | Snake:4  | Upgraded the game from 0.26.0-41-g79a4fc7684 to
                  | 0.26.0-45-g9c1d065592
 43787 | Snake:4  | Noticed Vashnia
 43794 | Snake:4  | Reached skill level 15 in Conjurations
 43797 | Snake:4  | Killed Vashnia
 43798 | Snake:4  | Reached skill level 1 in Fighting
 44122 | Snake:4  | Reached ****** piety under Vehumet
 44138 | Snake:4  | Offered knowledge of Bolt of Magma by Vehumet.
 44489 | Snake:4  | Noticed Agnes
 44507 | Snake:3  | Killed Agnes
 44508 | Snake:3  | Reached skill level 5 in Fire Magic
 44753 | Snake:4  | Reached skill level 10 in Earth Magic
 45612 | Snake:4  | Got a serpentine rune of Zot
 46239 | Swamp:1  | Entered Level 1 of the Swamp
 47564 | Swamp:2  | Noticed Aizul
 47599 | Swamp:2  | Noticed Jorgrun
 47761 | Swamp:3  | Gained mutation: Your flesh is cold resistant. (rC+)
                  | [demonic ancestry]
 47761 | Swamp:3  | Reached XP level 17. HP: 92/104 MP: 20/40
 48058 | Swamp:2  | Killed Aizul
 48493 | Swamp:2  | Noticed Donald
 48497 | Swamp:2  | Killed Donald
 48944 | Swamp:2  | Killed Jorgrun
 49308 | Swamp:3  | Found a runed translucent door.
 49339 | Swamp:3  | HP: 4/104 [spriggan druid/angry trees (13)]
 49339 | Swamp:3  | Killed from afar by a spriggan druid

Illustrated notes

Levels and vault maps discovered:
D:1:      lemuel_arrival_rhombus, layout_loops_ring
D:2:      layout_basic, fiery_altar_vehumet, nzn_wu_jian_contemplation,
          uniq_natasha
D:3:      minmay_inner_zag, layout_loops_corners,
          nicolae_qazlal_style_of_elements, kennysheep_cross_bottleneck,
          st_stairs_14, minmay_stone_trees_small, trog_three_pillars_becter
D:4:      layout_loops_corners, nicolae_gozag_zags_fifth_avenue,
          overflow_temple_1_default, minmay_temple_entry_grid, serial_glass,
          glass_columns_a, glass_columns_b, minmay_strange_pillars,
          nrook_mini_vaults
D:5:      layout_layer_cave, elyvilon_altar_4, small_statue_intersection
D:6:      kennysheep_windowed_halls, layout_rooms, old_standard_altar
D:7:      layout_basic, gammafunk_ghost_abyssal_escape, serial_shops,
          kennysheep_little_box, nicolae_shop_overgrown_old_shop, shop
D:8:      layout_rooms, led_sif_book, basic_altar, dk_rats_in_the_wall
D:9:      layout_loops_cross, yredelemnul_altar_generic, lair_entry_dummy
D:10:     lemuel_upstairs_altar, layout_loops_ring, orc_0_dummy, serial_shops,
          nicolae_shop_temple_entry_statues_fountains, hangedman_feature_mirror,
          bloody_trog, uniq_urug
Lair:1:   layout_loops_ring, special_room [special_room_bee],
          hibernation_bobbens, uniq_grum
Lair:2:   layout_chaotic_city, palyth_hydra_swamp_entry, serial_bayou_pond_d,
          st_stairs_8
Lair:3:   layout_big_grid, minmay_snake_entry_guardpost_small,
          nzn_sisyphean_effort
Lair:4:   layout_roguey, grunt_megastairs_3
Lair:5:   layout_layer_cave, uniq_josephine
Lair:6:   minmay_lair_end_enchanted_forest, layout_regular_city, slime_altar_2,
          grunt_megastairs_4, serial_bayou_shore_a
Swamp:1:  layout_basic_swamp, evilmike_swamp_ruin_house_3, swamp_pool3
Swamp:2:  layout_falls_marsh, serial_swamp_ruin, evilmike_swamp_ruin_house_1,
          evilmike_swamp_ruin_house_6, evilmike_swamp_ruin_house_2, swamp_pool2,
          st_swamp_ruins_1, uniq_donald, uniq_jorgrun, uniq_aizul
Swamp:3:  layout_basic_swamp, gammafunk_ghost_grave, nicolae_swamp_treefoil,
          uniq_mara
Snake:1:  gammafunk_sealed_library, layout_gridlike, serial_shops,
          bzr_entry_lakeside, minmay_shoptagon
Snake:2:  layout_misc_corridors
Snake:3:  layout_basic, gammafunk_ghost_arena, st_stairs_7,
          nrook_guardian_serpent_ordinary, grunt_megastairs_1
Snake:4:  minmay_snake_end_coiled, layout_cave_town, serial_shops,
          nicolae_shop_stone, nicolae_snake_double_loop, minmay_shop_mayhem,
          uniq_vashnia, uniq_agnes
Orc:1:    layout_caves, serial_shops, nicolae_shop_crystal,
          gammafunk_ghost_fury_of_okawaru
Orc:2:    kennysheep_orc_mage_school, layout_caves, uniq_sonja

Skill      XL: |  1  2  3  4  5  6  7  8  9 10 11 12 13 14 15 16 17 |
---------------+----------------------------------------------------+-----
Necromancy     | 5 6 7 8 9 |  9.3
Spellcasting   | 3 4 5 7 8 9 10 12 13 15 16 | 16.0
Conjurations   | 3 4 6 8 9 10 11 12 14 16 | 16.1
Dodging        | 2 3 5 |  5.1
Poison Magic   | 2 3 4 |  4.8
Air Magic      | 1 2 4 |  4.4
Evocations     | 1 |  1.3
Staves         | 1 3 4 5 6 |  6.0
Earth Magic    | 3 4 5 6 8 9 10 | 10.7
Fire Magic     | 2 3 4 5 6 |  6.0
Translocations | 1 |  1.7
Shields        | 2 4 5 6 7 8 |  8.0
Fighting       | 1 |  1.1
Stealth        | |  1.7

Action                   |  1- 3 |  4- 6 |  7- 9 | 10-12 | 13-15 | 16-18 || total
-------------------------+-------+-------+-------+-------+-------+-------++-------
Melee: Whip              |     1 |       |       |       |       |       ||     1
       Staff             |       |     2 |    53 |    11 |    82 |     2 ||   150
       Headbutt          |       |       |     4 |     5 |    22 |     1 ||    32
 Cast: Pain              |    51 |    94 |    76 |     4 |       |       ||   225
       Vampiric Draining |     2 |    16 |    31 |     1 |       |       ||    50
       Animate Skeleton  |     1 |     4 |       |     1 |       |       ||     6
       Animate Dead      |       |     1 |    15 |    30 |    18 |    10 ||    74
       Magic Dart        |       |    26 |   113 |    53 |    16 |     3 ||   211
       Mephitic Cloud    |       |       |    36 |    27 |     8 |       ||    71
       Foxfire           |       |       |    10 |       |       |       ||    10
       Blink             |       |       |     6 |    22 |     4 |     4 ||    36
       Stone Arrow       |       |       |    56 |   129 |    10 |       ||   195
       Sticky Flame      |       |       |    13 |    60 |    65 |     1 ||   139
       Iron Shot         |       |       |       |    47 |   276 |   117 ||   440
       Iskenderun's Myst |       |       |       |    13 |    54 |    37 ||   104
       Orb of Destructio |       |       |       |       |    90 |    34 ||   124
       Conjure Ball Ligh |       |       |       |       |     3 |     4 ||     7
       Fireball          |       |       |       |       |       |    91 ||    91
Evoke: Wand              |       |     2 |     3 |     2 |       |       ||     7
  Use: Scroll            |       |     9 |    14 |    15 |    15 |    10 ||    63
       Potion            |       |       |     6 |     4 |     3 |     3 ||    16
 Stab: Distracted        |       |       |     1 |       |     1 |       ||     2
Armor: Robe              |     4 |     3 |    47 |    54 |    87 |    39 ||   234
Dodge: Dodged            |    20 |    29 |   115 |   129 |   163 |    42 ||   498
Block: Buckler           |       |       |       |    20 |   100 |    54 ||   174
       Reflection        |       |       |       |       |    10 |    32 ||    42
